 Dungeon Crawl Stone Soup version 0.31.0-4-g52a2dc7128 (webtiles) character file.

Game seed: 16474897453855724102

8882 shadowrider38 the Placeless Armataur (level 11, -2/78 (86) HPs)
             Began as an Armataur Conjurer on Jan 21, 2024.
             Was a Follower of Ashenzari.
             Slain by a spectral orc warlord
             ... wielding a +1 bardiche
             ... summoned by Nergalle
              (10 damage)
             ... on level 1 of the Lair of Beasts.
             The game lasted 00:25:14 (3711 turns).

shadowrider38 the Placeless Armataur (AtCj)         Turns: 3711, Time: 00:25:15

HP:   -2/78 (86)    AC:  8    Str: 12    XL:     11   Next: 15%
MP:   20/23         EV:  9    Int: 23    God:    Ashenzari [*.....]
Gold: 134           SH:  0    Dex:  9    Spells: 20/26 levels left

rFire   + . .        a - +1 war axe of the Clairvoyant Seer {heavy, Cun, Range} (curse)
rCold   . . .        (no shield)
rNeg    . . .        z - +0 steam dragon scales
rPois   .            l - +2 helmet of Ashenzari's Sybil {Self, Comp} (curse)
rElec   .            d - scarf {+Inv}
rCorr   .            (no gloves)
SInv    .            (no barding)
Will    .....        s - amulet of magic regeneration
Stlth   ++           f - ring of protection from fire
HPRegen 4.88/turn    (no ring)
MPRegen 2.89/turn

%: roll
@: lethally poisoned (-2 -> -2), drained
A: large, deformed body, tough skin 3, armoured tail, roll 2
a: Renounce Religion, Evoke Invisibility, Shatter the Chains


You were on level 1 of the Lair of Beasts.
You worshipped Ashenzari.
Ashenzari was aware of your devotion.
You visited 3 branches of the dungeon, and saw 13 of its levels.
You also visited: Ossuary.

You collected 428 gold pieces.
You spent 294 gold pieces at shops.

Inventory:

Hand Weapons
 a - the cursed +1 war axe of the Clairvoyant Seer (weapon) {heavy, Cun, Range}
   (You took it off an orc priest on level 3 of the Dungeon)

   It has a curse which improves the following skills: Cunning: Dodging and
   Stealth.
   Ranged Combat: Ranged Weapons and Throwing.
 n - a +0 whip
 y - a +2 war axe of pain
Missiles
 t - 5 boomerangs
Armour
 d - a scarf of invisibility (worn)
 i - a +0 robe
 l - the cursed +2 helmet of Ashenzari's Sybil (worn) {Self, Comp}
   (You found it on level 6 of the Dungeon)

   It has a curse which improves the following skills: Introspection: Fighting
   and Spellcasting.
   Companions: Summonings and Necromancy.
 u - the +1 scale mail of Freedom {+Inv rElec}
   (You found it on level 7 of the Dungeon)

   rElec:     It insulates you from electricity.
   +Inv:      It lets you turn invisible.
 z - +0 steam dragon scales (worn)
 B - a scarf of invisibility
 C - a +2 robe of fire resistance
Jewellery
 f - a ring of protection from fire (left hand)
 s - an amulet of magic regeneration (around neck)
 A - a ring of ice
Wands
 x - a wand of roots (9)
 D - a wand of polymorph (6)
 V - a wand of flame (15)
Scrolls
 g - a scroll of immolation
 h - 2 scrolls of amnesia
 m - a scroll of revelation
 q - 5 scrolls of poison
 v - a scroll of brand weapon
 w - a scroll of enchant weapon
 E - a scroll of enchant armour
 F - a scroll of vulnerability
 I - a scroll of summoning
 R - a scroll of identify
 T - a scroll of teleportation
Potions
 b - 2 potions of magic
 c - a potion of might
 e - 4 potions of mutation
 j - 8 potions of degeneration
 k - 6 potions of attraction
 o - 3 potions of cancellation
 p - a potion of heal wounds
 r - 2 potions of berserk rage
 G - a potion of invisibility
 H - 2 potions of haste
 Q - 2 potions of curing


   Skills:
 + Level 4.3(5.1) Fighting
 - Level 1.3(1.9) Dodging
 - Level 2.1(2.8) Stealth
 - Level 7.2(8.0) Spellcasting
 - Level 10.0 Conjurations
 - Level 10.5 Translocations


You had 20 spell levels left.
You knew the following spells:

 Your Spells              Type           Power      Damage    Failure   Level
b - Searing Ray           Conj           100%       2d8       1%          2
c - Iskenderun's Mystic   Conj/Tloc      54%        2d12      1%          4

Your spell library contained the following spells:

 Spells                   Type           Power      Damage    Failure   Level
 Magic Dart               Conj           100%       1d8       1%          1
 Mephitic Cloud           Conj/Alch/Air  24%        N/A       5%          3
 Slow                     Hex            36%        N/A       7%          1
 Fulminant Prism          Conj/Alch      16%        3d11      9%          4
 Mercury Vapours          Alch/Air       18%        N/A       11%         2
 Confusing Touch          Hex            9%         N/A       21%         3
 Sigil of Binding         Hex            9%         N/A       21%         3
 Vampiric Draining        Necr           9%         2d6       21%         3
 Freezing Cloud           Conj/Ice/Air   12%        6-21      43%         5


Dungeon Overview and Level Annotations

Branches:
Dungeon (11/15) Zot: 26877  Temple (1/1) D:6 Zot: 5979    Lair (1/5) D:10 Zot: 5952
Ossuary (visited)
    Orc: D:9-12

Altars:
Ashenzari
Dithmenos
Fedhas
Gozag
Hepliaklqana
Kikubaaqudgha
Makhleb
Nemelex Xobeh
Okawaru
Qazlal
Ru
Sif Muna
Trog
Uskayaw
Vehumet
Wu Jian
Xom
Yredelemnul

Shops:
D:5 ?   D:8 ::*

Annotations:
D:3 3 runed translucent doors, Livid's ghost, amateur DgSh
D:10 2 runed translucent doors, croobank's ghost, journeyman OpSu
Lair:1 Nergalle


Innate Abilities, Weirdness & Mutations

Armour fits poorly on your strangely shaped body.
You have extremely tough skin. (AC +3)
You have a long armoured tail.
You regenerate magic and health when rolling toward enemies. (Rampage Regen)


Message History

You feel sick.
You hear a croak.
Casting: Iskenderun's Mystic Blast (mildly dangerous; 1% risk of failure)
Confirm with . or Enter, or press ? or * to list all spells.
You erupt in a blast of force!
The mystic blast hits the blink frog!!
You kill the blink frog!
The mystic blast hits the komodo dragon!
The komodo dragon is heavily wounded.
The komodo dragon is knocked back by the mystic blast.
The mystic blast hits the blink frog!
You kill the blink frog!
You feel sick.
Nergalle gestures at the spectral orc warlord while chanting.
The spectral orc warlord seems to speed up.
Your base Fighting skill increases to level 4!
Casting: Iskenderun's Mystic Blast (mildly dangerous; 1% risk of failure)
Confirm with . or Enter, or press ? or * to list all spells.
You erupt in a blast of force!
The mystic blast hits the komodo dragon!
The komodo dragon is severely wounded.
The komodo dragon is knocked back by the mystic blast.
The mystic blast hits the spectral orc warlord.
The spectral orc warlord is moderately damaged.
The spectral orc warlord is knocked back by the mystic blast.
You feel sick.
You hear a croak.
A bullfrog comes into view.
Unknown command.
You roll towards the komodo dragon!
You feel sick.
Casting: Iskenderun's Mystic Blast (mildly dangerous; 1% risk of failure)
Confirm with . or Enter, or press ? or * to list all spells.
You erupt in a blast of force!
The mystic blast hits the komodo dragon!
The komodo dragon is almost dead.
The komodo dragon is knocked back by the mystic blast.
The mystic blast hits the spectral orc warlord but does no damage.
The spectral orc warlord is moderately damaged.
You feel sick.
The spectral orc warlord hits you from afar with a +1 bardiche!!
* * * LOW HITPOINT WARNING * * *
You feel drained.
* * * LOW HITPOINT WARNING * * *
Nergalle points at you and mumbles some strange words.
Orcish apparitions take form around you.
Unknown command.
You feel much better.
You feel sick.
The spectral orc warlord hits you from afar with a +1 bardiche!!
* * * LOW HITPOINT WARNING * * *
You feel drained.
You die...

.................
.................
.................
................#
................#
........†..Z....#
.......†........#
#......Z@..l...#
##...†....Z....#
#.......Z......#
##...F.o.......#
#P.............#
##.............#
#.............#
...............#
...............#


You could see Nergalle, a komodo dragon, a spectral orc (summoned), 2 spectral
orc warriors, a spectral orc warlord (summoned, fast) and a bullfrog.

Vanquished Creatures
  A two-headed ogre (D:8)
  Pikel (D:8)
  A cyclops (D:8)
  2 cane toads (Lair:1)
  Maggie (D:7)
  A komodo dragon (D:10)
  4 blink frogs (Lair:1)
  7 yaks
  A vampire (D:9)
  3 wyverns
  A basilisk (D:10)
  3 steam dragons
  A water moccasin (D:9)
  An ice beast (D:5)
  A black bear (D:4)
  2 orc warriors
  4 wolves (Lair:1)
  A crocodile (D:10)
  5 centaurs
  3 lemures (D:8)
  2 weeping skulls (Ossuary)
  5 bullfrogs
  2 scorpions
  8 wights
  4 killer bees (D:7)
  A howler monkey (D:6)
  An electric eel (D:8)
  2 bombardier beetles
  A centaur zombie (Ossuary)
  2 hounds
  A gnoll bouda (D:9)
  6 orc priests
  2 jellies
  5 iguanas
  A sleepcap (D:6)
  5 orc wizards
  3 hound zombies (D:4)
  3 hound skeletons (D:4)
  3 mummies (Ossuary)
  5 gnolls
  4 adders
  3 white imps
  2 ufetubi (D:7)
  An adder skeleton (D:4)
  A ribbon worm (D:2)
  5 dart slugs
  16 orcs
  6 endoplasms
  A gnoll zombie (Ossuary)
  A goblin (D:1)
  8 hobgoblins
  3 jackals (D:3)
  7 quokkas
  7 ball pythons
  4 frilled lizards
  4 kobolds
  2 kobold zombies (Ossuary)
  4 orc zombies (Ossuary)
  3 rats
188 creatures vanquished.

Notes
Turn   | Place    | Note
-------+----------+-------------------------------------------
     0 | D:1      | shadowrider38 the Armataur Conjurer began the quest for the
                  | Orb.
     0 | D:1      | Reached XP level 1. HP: 14/14 MP: 3/3
   134 | D:1      | Reached XP level 2. HP: 7/20 MP: 1/4
   153 | D:2      | Learned a level 2 spell: Searing Ray
   353 | D:2      | Reached XP level 3. HP: 17/26 MP: 1/5
   511 | D:3      | Reached XP level 4. HP: 26/33 MP: 2/6
   780 | D:3      | Noticed a scorpion
   787 | D:3      | Killed a scorpion
   788 | D:3      | Reached XP level 5. HP: 20/38 MP: 1/7
   943 | D:3      | Found a runed translucent gate.
   944 | D:3      | Found a runed translucent gate.
   945 | D:3      | Found a runed translucent gate.
   946 | D:3      | Noticed Livid's ghost (amateur DgSh)
   979 | D:4      | Found a sacrificial altar of Ru.
  1011 | D:4      | Found an ornate altar of the Wu Jian Council.
  1080 | D:5      | Entered Level 5 of the Dungeon
  1102 | D:4      | Noticed a black bear
  1113 | D:4      | Killed a black bear
  1114 | D:4      | Reached XP level 6. HP: 14/47 MP: 7/9
  1183 | D:4      | Found a sand-covered staircase.
  1193 | Ossuary  | Entered an ossuary
  1311 | Ossuary  | Reached skill level 3 in Spellcasting
  1316 | Ossuary  | Learned a level 4 spell: Iskenderun's Mystic Blast
  1385 | Ossuary  | Gained mutation: You regenerate magic and health when
                  | rolling toward enemies. (Rampage Regen) [Armataur growth]
  1385 | Ossuary  | Reached XP level 7. HP: 27/55 MP: 2/11
  1633 | D:6      | Reached skill level 3 in Translocations
  1633 | D:6      | Noticed a steam dragon
  1669 | D:6      | Killed a steam dragon
  1670 | D:6      | Reached XP level 8. HP: 49/61 MP: 4/12
  2083 | D:5      | Found Xiq Pauj's Magic Scroll Shoppe.
  2151 | D:5      | Bought a scroll of fog for 56 gold pieces
  2151 | D:5      | Bought a scroll of revelation for 105 gold pieces
  2151 | D:5      | Bought a scroll of identify for 28 gold pieces
  2411 | D:7      | Identified the +1 scale mail of Freedom {+Inv rElec}
  2627 | D:8      | Found Zarphi's Book Emporium.
  2631 | D:8      | Reached XP level 9. HP: 67/67 MP: 13/13
  2725 | D:7      | Reached skill level 3 in Fighting
  2728 | D:7      | Noticed Maggie
  2736 | D:7      | Killed Maggie
  2871 | D:6      | Noticed a +0 hand axe
  2871 | D:6      | Noticed a +0 hand axe
  2872 | D:6      | Found a hide-covered altar of Uskayaw.
  2897 | D:6      | Found a staircase to the Ecumenical Temple.
  2903 | Temple   | Entered the Ecumenical Temple
  2914 | Temple   | Became a worshipper of Ashenzari the Shackled
  3008 | D:8      | Noticed a walking frostbound tome
  3016 | D:8      | Found Fenon's Book Boutique.
  3018 | D:8      | Noticed a walking frostbound tome
  3097 | D:8      | Noticed Pikel
  3106 | D:8      | Killed Pikel
  3107 | D:8      | Reached skill level 9 in Conjurations
  3107 | D:8      | Reached skill level 9 in Translocations
  3175 | D:8      | Found an iron altar of Okawaru.
  3204 | D:8      | Found Buleanuga's General Store.
  3206 | D:8      | Noticed a two-headed ogre
  3213 | D:8      | Noticed a cyclops
  3219 | D:8      | Killed a two-headed ogre
  3220 | D:8      | Reached XP level 10. HP: 41/77 MP: 17/17
  3222 | D:8      | Killed a cyclops
  3229 | D:8      | Bought a scroll of enchant armour for 105 gold pieces
  3276 | D:10     | Entered Level 10 of the Dungeon
  3397 | D:9      | Found a blossoming altar of Fedhas.
  3555 | D:11     | Noticed a cyclops
  3593 | D:10     | Found a large runed translucent door.
  3593 | D:10     | Found a large runed translucent door.
  3594 | D:10     | Noticed croobank's ghost (journeyman OpSu)
  3660 | D:10     | Found a staircase to the Lair.
  3669 | Lair:1   | Entered Level 1 of the Lair of Beasts
  3672 | Lair:1   | Reached * piety under Ashenzari
  3687 | Lair:1   | Noticed a cane toad
  3690 | Lair:1   | Noticed Nergalle
  3696 | Lair:1   | Noticed a spectral orc warlord
  3697 | Lair:1   | Noticed a cane toad
  3702 | Lair:1   | Killed a cane toad
  3703 | Lair:1   | Reached XP level 11. HP: 46/83 MP: 20/22
  3710 | Lair:1   | HP: 3/82 [spectral orc warlord/+1 bardiche[Nergalle] (6)]
  3711 | Lair:1   | Slain by a spectral orc warlord

Illustrated notes

Levels and vault maps discovered:
D:1:      lemuel_arrival_river_bridge, layout_rooms,
          chequers_ecumenical_altar_simple_redux, minmay_lizard_pond
D:2:      layout_basic, grunt_ministairs_15
D:3:      layout_basic, serial_co_window_serial, co_window_of_opportunity_a,
          co_window_paths_b, co_window_paths_a, co_window_corner_a,
          co_window_paths_b, co_window_corner_a, co_window_paths_b,
          co_window_of_opportunity_a, co_window_corner_a, co_window_paths_c,
          co_window_2corner, co_window_unsneaky_path_c, co_window_2corner,
          co_window_4corner_a, co_window_sun, glass_columns_a, glass_columns_a,
          biasface_ghost_orc_armoury
D:4:      layout_rooms, mainiacjoe_overflow_large_starburst,
          mainiacjoe_ossuary_entry_find_the_door
D:5:      layout_loops_corners, general_overflow_altar, serial_shops,
          nicolae_shop_peninsula, serial_aquarium, aquarium_bridge_island_small
          [aquarium_subvault_small_open, aquarium_subvault_balcony,
          aquarium_subvault_window, aquarium_subvault_bridge,
          aquarium_subvault_bridge], aquarium_window_2, aquarium_window_1,
          aquarium_window_double, aquarium_view_2g, aquarium_view_2e,
          aquarium_pool_1
D:6:      layout_rooms, dancing_weapons_uskayaw, minmay_temple_entry_fiery
D:7:      layout_basic, uniq_maggie
D:8:      cheibrodos_helix_gallery, layout_loops_ring,
          okawaru_ov_weapons_minmay, serial_shops,
          nicolae_shop_bloodbath_and_beyond, shop, nicolae_shop_mannequins,
          nicolae_shop_competitors_out_of_business, shop,
          ebering_ghost_reflecting_pool, minmay_between, uniq_pikel
D:9:      layout_basic, mainiacjoe_overflow_alcove_1
D:10:     layout_basic, dreamdust_divine_triumvirate, lair_entry_dummy,
          ebering_ghost_disaster_area, st_stairs_1, kennysheep_donut,
          kennysheep_path_1, nicolae_ea-nasir_strikes_again, minmay_lizard_king
D:11:     layout_irregular_city, serial_shops, nicolae_shop_tiny_statue_garden,
          nicolae_shop_advertising_works [nicolae_subvault_shop_adworks],
          nicolae_shop_tiny_glass, nicolae_shop_hallway_stairs, uniq_psyche
Temple:   nicolae_temple_figure_eight
Lair:1:   lemuel_reptile_caves, layout_regular_city, columned_hall_lemuel,
          serial_bayou_lagoon_a, nicolae_lair_lindhole, uniq_nergalle

Skill      XL: |  1  2  3  4  5  6  7  8  9 10 11 |
---------------+----------------------------------+-----
Conjurations   | 4 5 6 7 8 9 10 | 10.0
Spellcasting   | 2 3 5 7 |  7.2
Fighting       | 1 2 3 4 |  4.3
Translocations | 1 4 7 9 10 | 10.5
Dodging        | |  1.3
Stealth        | |  2.1

Action                     |  1- 3 |  4- 6 |  7- 9 | 10-12 || total
---------------------------+-------+-------+-------+-------++-------
  Melee: Unarmed           |    13 |       |       |       ||    13
         Tailslap          |     4 |     1 |     8 |     4 ||    17
         Whip              |     7 |       |       |       ||     7
         War axe           |       |    15 |    43 |    24 ||    82
         Punch             |       |       |     2 |     1 ||     3
   Cast: Magic Dart        |    45 |     3 |       |       ||    48
         Searing Ray       |     9 |    28 |     9 |       ||    46
         Iskenderun's Myst |       |       |    86 |    58 ||   144
 Invoke: Curse Item        |       |       |       |     2 ||     2
  Evoke: Wand              |       |       |     5 |       ||     5
    Use: Scroll            |       |       |    10 |     2 ||    12
         Potion            |       |       |     3 |     1 ||     4
   Stab: Sleeping          |     1 |     2 |     3 |       ||     6
 Armour: Robe              |    36 |    59 |   140 |       ||   235
         Steam dragon scal |       |       |    12 |    85 ||    97
  Dodge: Dodged            |    28 |    35 |    73 |    47 ||   183
